 Dungeon Crawl Stone Soup version 0.31-a0-536-ga3e2962e35 (webtiles) character file.

Game seed: 3723712218974400252

54 Ethylacetat the Ducker (level 3, -2/25 HPs)
             Began as an Octopode Gladiator on Aug 13, 2023.
             Slain by a gnoll
             ... wielding a +0 halberd
              (16 damage)
             ... on level 2 of the Dungeon.
             The game lasted 00:01:07 (1033 turns).

Ethylacetat the Ducker (Octopode Gladiator)         Turns: 1033, Time: 00:01:08

Health: -2/25      AC:  1    Str: 13    XL:     3   Next: 91%
Magic:  3/3        EV: 14    Int: 10    God:
Gold:   56         SH:  0    Dex: 15    Spells: 2/2 levels left

rFire   . . .        e - +1 dagger (venom)
rCold   . . .        (no shield)
rNeg    . . .        b - +0 hat
rPois   .            (no amulet)
rElec   .            (no ring)
rCorr   .            (no ring)
SInv    .            (no ring)
Will    .....        (no ring)
Stlth   +++          (no ring)
HPRegen 0.24/turn    (no ring)
MPRegen 0.08/turn    (no ring)
                     (no ring)

%: no passive effects
@: no status effects
A: almost no armour, amphibious, 8 rings, camouflage 1, gelatinous body 1,
(nimble swimmer 1), tentacles
a: no special abilities


You were on level 2 of the Dungeon.
You visited 1 branch of the dungeon, and saw 2 of its levels.

You collected 56 gold pieces.

Inventory:

Hand Weapons
 e - a +1 dagger of venom (weapon)
Missiles
 c - 3 throwing nets (quivered)
 d - a javelin
Armour
 b - a +0 hat (worn)
Potions
 a - 4 potions of curing {unknown}
 f - a potion of lignification {unknown}


   Skills:
 + Level 2.8 Fighting
 - Level 3.0 Short Blades
 - Level 2.0 Throwing
 + Level 3.6 Dodging
 + Level 2.6 Stealth


You had 2 spell levels left.
You didn't know any spells.
Your spell library was empty.

Dungeon Overview and Level Annotations

Branches:
Dungeon (2/15)

Altars:


Innate Abilities, Weirdness & Mutations

You cannot wear most types of armour.
You are amphibious.
You can wear up to eight rings at the same time.
Your skin changes colour to match your surroundings (Stealth+).
Your rubbery body absorbs attacks. (AC +1, EV +1)
((You are camouflaged when in or above water. (Stealth+)))
You have tentacles for arms and can constrict up to eight enemies at once.


Message History

You are too injured to fight recklessly!
You hit the gnoll.
The gnoll is poisoned.
Your grab misses the gnoll.
The gnoll is lightly wounded.
The gnoll barely misses you.
You hit the gnoll.
The gnoll looks as sick as possible!
Your grab misses the gnoll.
Your tentacle-slap misses the gnoll.
Your squeeze misses the gnoll.
The gnoll is severely wounded.
The gnoll closely misses you.
You barely miss the gnoll. Your grab misses the gnoll.
The gnoll is severely wounded.
You hit the gnoll but do no damage. You grab the gnoll.
Your squeeze misses the gnoll.
The gnoll is almost dead.
You constrict the gnoll, but do no damage.
The gnoll completely misses you.
You release your grip on the gnoll.
You kill the gnoll!
A bat comes into view.
You start resting.
A gnoll is nearby!
You hit the gnoll.
The gnoll is poisoned.
You grab the gnoll.
The gnoll is moderately wounded.
You constrict the gnoll. The gnoll completely misses you.
You hit the gnoll.
The gnoll looks as sick as possible!
The gnoll is almost dead.
You constrict the gnoll.
You kill the gnoll!
The gnoll shouts!
The gnoll misses you.
You see here a +0 club.
You hit the gnoll.
The gnoll is poisoned.
You grab the gnoll. You squeeze the gnoll.
The gnoll is heavily wounded.
You constrict the gnoll. The gnoll hits you with a +0 halberd.
You hit the gnoll but do no damage.
The gnoll is almost dead.
You constrict the gnoll. The gnoll hits you with a +0 halberd!
Ouch! That really hurt!
You die...

#......(...).....
#.##......######.
#.#..<#.#.# #.#...#.#...
#.#...#.#.###
#.#...#.#.# #.#...#.#.#
#b ###.#...#.#.# .. .#.#
#.@.†...#.#.# ..#.#.#
#g#.##### #.#.#.#
#.#.....# #
#.####.#.#.#+#.#####.#.#
#....#...#......# .#.
#....+...#......####..
##....#...#.........#.#
......#...#.#+#####.#.#
......#...#.#.#...#...#


You could see a gnoll (very poisoned).

Vanquished Creatures
  3 gnolls (D:2)
  2 ball pythons
  3 bats (D:1)
  3 endoplasms
  6 goblins
  A hobgoblin (D:1)
  2 jackals (D:2)
  A frilled lizard (D:1)
  2 kobolds (D:1)
  A rat (D:1)
24 creatures vanquished.

Notes
Turn   | Place    | Note
-------+----------+-------------------------------------------
     0 | D:1      | Ethylacetat the Octopode Gladiator began the quest for the
                  | Orb.
     0 | D:1      | Reached XP level 1. HP: 14/14 MP: 1/1
   185 | D:1      | Reached skill level 1 in Stealth
   195 | D:1      | Reached XP level 2. HP: 14/19 MP: 2/2
   983 | D:2      | Reached XP level 3. HP: 25/25 MP: 3/3
  1033 | D:2      | Slain by a gnoll

Illustrated notes

Levels and vault maps discovered:
D:1:      dpeg_arrival_orchard, layout_basic, minmay_misc_feat_five
D:2:      layout_basic

Skill      XL: |  1  2 |
---------------+-------+-----
Stealth        | 1 2 |  2.6
Fighting       | |  2.8
Short Blades   | |  3.0
Throwing       | |  2.0
Dodging        | |  3.6

Action                     || total
---------------------------++-------
  Melee: Dagger            ||    42
         Rapier            ||     3
         Constrict         ||    13
         Tentacles         ||     7
   Stab: Sleeping          ||     6
 Armour: Skin              ||     1
  Dodge: Dodged            ||    28

Table legend: (Time is in decaauts)
 A = Elapsed time spent in this place.
 B = Non-inter-level travel time spent in this place.
 C = Inter-level travel time spent in this place.
 D = Time resting spent in this place.
 E = Time spent auto-exploring this place.
 F = Levels seen in this place.
 G = Mean time per level.
                   A        B        C        D        E       F      G
               +--------+--------+--------+--------+--------+-----+--------+
         Total |   1026 |    998 |     28 |      1 |    826 |   2 |  513.0 |
       Dungeon |   1026 |    998 |     28 |      1 |    826 |   2 |  513.0 |
               +--------+--------+--------+--------+--------+-----+--------+

Top non-repeatable levels by time:
     D:1: 895 daAuts
     D:2: 130 daAuts
